[Event "SS Manhem Chess Week 2019 Goteborg Open"]
[Site "Molnlycke kulturhus, Biblioteksgatan 2, Molnlycke, Sweden"]
[Date "2019.08.18"]
[Round "8.1"]
[White "Wiedenkeller, Michael"]
[Black "Seo, Jung Min"]
[Result "1/2-1/2"]
[TimeControl "15 minutes + 5 seconds per move from move one (Round 1 - 4) / 90 minutes + 30 seconds per move from move one (Round 5 - 8)"]
[WhiteTitle "IM"]
[BlackTitle "FM"]
[WhiteFideId "1700146"]
[BlackFideId "1734687"]
[WhiteElo "2456"]
[BlackElo "2409"]

1. d4 Nf6 2. c4 b6 3. f3 c5 4. d5 d6 5. e4 g6 6. Bg5 Bg7 7. Qd2 h6 8. Bf4 Nbd7 9. Nc3 Ne5 10.
h3 Nh5 11. Bh2 g5 12. g4 Nf4 13. Bxf4 gxf4 14. Qxf4 Ba6 15. Nb5 Bxb5 16. cxb5 Ng6 17. Qd2 e6 18. Rh2 Be5 19. Rg2 Qf6 20.
Bc4 Nh4 21. Rf2 Bg3 22. Kf1 Bxf2 23. Qxf2 e5 24. Qg3 O-O-O 25. Kf2 Rdg8 26. Rf1 h5 27. Ke2 Ng6 28. Kd1 Nf4 29. Rf2 Qg6 30.
Bf1 f5 31. Ne2 fxe4 32. Nxf4 exf4 33. Qxf4 exf3 34. Rxf3 Qb1+ 35. Qc1 Qxa2 36. Bc4 Qa4+ 37. b3 Qa2 38. Qf4 Qb1+ 39. Kd2 Qb2+ 40.
Kd1 Qe5 41. Qxe5 dxe5 42. Bd3 hxg4 43. hxg4 Kd8 44. Bf5 Ke7 45. Kd2 Rh2+ 46. Ke3 Kd6 47. Be6 Rg6 48. Ke4 Rxe6 49. dxe6 Kxe6 50. Rg3 Rd2 51.
g5 Rd4+ 52. Ke3 Kf7 53. g6+ Kg7 54.
Rg1 Rb4 55. Ra1 Kxg6 56. Rxa7 Rxb3+ 57. Ke4 Kf6 58. Rh7 Rxb5 59. Rh6+ Ke7 60. Kxe5 Rb1 61. Rh7+ Kf8 62. Kd5 Rb4 63.
Rc7 Ke8 64. Rh7 c4 65. Ke6 Kf8 66. Kf6 Ke8 67. Ke6 Kd8 68. Kd6 Kc8 69. Kc6 Kb8 70. Rh8+ Ka7 71. Rh7+ Ka6 72. Rh8 Ka7 73.
Rh7+ 1/2-1/2

[Event "SS Manhem Chess Week 2019 Goteborg Open"]
[Site "Molnlycke kulturhus, Biblioteksgatan 2, Molnlycke, Sweden"]
[Date "2019.08.18"]
[Round "8.2"]
[White "Ahlander, Bjorn"]
[Black "Golubka, Petro"]
[Result "0-1"]
[TimeControl "15 minutes + 5 seconds per move from move one (Round 1 - 4) / 90 minutes + 30 seconds per move from move one (Round 5 - 8)"]
[WhiteTitle "IM"]
[BlackTitle "IM"]
[WhiteFideId "1700251"]
[BlackFideId "14114224"]
[WhiteElo "2390"]
[BlackElo "2479"]

1. d4 Nf6 2. c4 g6 3. Nc3 Bg7 4. e4 O-O 5. Nf3 d6 6. Be2 e5 7. O-O Nc6 8. Be3 Ng4 9. Bg5 f6 10.
Bc1 f5 11. Bg5 Bf6 12. Bxf6 Nxf6 13. exf5 gxf5 14. dxe5 dxe5 15. Qxd8 Rxd8 16. Nd5 Ne8 17. Rfd1 Be6 18. Kf1 Kg7 19.
b4 Bxd5 20. cxd5 Nxb4 21. Bc4 Nd6 22. Rab1 a5 23. Rdc1 e4 24. Nd2 b6 25. g4 fxg4 26. Bb3 Rd7 27. Rc3 Rf8 28. Kg1 h5 29.
h3 gxh3 30. Rxh3 Rf5 31. f3 Rg5+ 32. Kh2 Nxd5 33. fxe4 Nf4 34. Rf3 Ng6 35. Rg3 Rxg3 36. Kxg3 Re7 37. Kf3 Nf7 38. Ke3 Nfe5 39.
Rh1 h4 40. Rg1 Rd7 41. Bd5 h3 42. Nc4 Rxd5 43. exd5 Nxc4+ 44. Kd4 Nd6 45. Rh1 Nf5+ 46. Kc4 Nf4 47. Kb5 Nxd5 48. Kc6 Nfe7+ 49. Kd7 c5 50. Rxh3 c4 51. Rf3 Ng6 52. Rf1 Ngf4 53. Kc6 c3 54. a4 Kf6 55. Rc1 Ke5 56. Rxc3 Nxc3 57. Kxb6 Nfd5+ 58. Kxa5 Kd6 59. Ka6 Kc6 60. Ka5 Ne4 61. Ka6 Nd6 62. Ka5 Nc4+ 63. Ka6 Nb4+ 64. Ka7 Kc7 65. a5 Kc8 66. Ka8 Nc6 0-1

[Event "SS Manhem Chess Week 2019 Goteborg Open"]
[Site "Molnlycke kulturhus, Biblioteksgatan 2, Molnlycke, Sweden"]
[Date "2019.08.18"]
[Round "8.3"]
[White "Pham, Bich Ngoc"]
[Black "Le, Quang Long"]
[Result "0-1"]
[TimeControl "15 minutes + 5 seconds per move from move one (Round 1 - 4) / 90 minutes + 30 seconds per move from move one (Round 5 - 8)"]
[WhiteTitle "WIM"]
[BlackTitle "IM"]
[WhiteFideId "12401285"]
[BlackFideId "12401749"]
[WhiteElo "2176"]
[BlackElo "2411"]

1. f4 d5 2. Nf3 g6 3. g3 Bg7 4. Bg2 c6 5. e3 Nf6 6. O-O O-O 7. d3 Nbd7 8. Ne5 Nxe5 9. fxe5 Ng4 10.
d4 f6 11. exf6 exf6 12. c4 dxc4 13. Nc3 f5 14. d5 Bd7 15. dxc6 Bxc6 16. Bxc6 bxc6 17. Qe2 Qd3 18. Rd1 Qxe2 19.
Nxe2 Rfe8 20. Nd4 Rad8 21. Bd2 Rxd4 22. exd4 Bxd4+ 23. Kf1 Nxh2+ 24. Kg2 Re2+ 25. Kh3 Ng4 0-1

[Event "SS Manhem Chess Week 2019 Goteborg Open"]
[Site "Molnlycke kulturhus, Biblioteksgatan 2, Molnlycke, Sweden"]
[Date "2019.08.18"]
[Round "8.4"]
[White "Torngren, Gustav"]
[Black "Blomqvist, Erik"]
[Result "0-1"]
[TimeControl "15 minutes + 5 seconds per move from move one (Round 1 - 4) / 90 minutes + 30 seconds per move from move one (Round 5 - 8)"]
[BlackTitle "GM"]
[WhiteFideId "1728970"]
[BlackFideId "1709437"]
[WhiteElo "2061"]
[BlackElo "2507"]

1. c4 Nf6 2. Nc3 c5 3. g3 e6 4. Nf3 b6 5. Bg2 Bb7 6. O-O Be7 7. d4 cxd4 8. Qxd4 O-O 9. Bg5 h6 10.
Bxf6 Bxf6 11. Qd3 Na6 12. Rac1 Qe7 13. Rfd1 Rfd8 14. Rd2 Nc5 15. Qb1 Bxc3 16. Rxc3 Ne4 17. Ng5 Qxg5 0-1

[Event "SS Manhem Chess Week 2019 Goteborg Open"]
[Site "Molnlycke kulturhus, Biblioteksgatan 2, Molnlycke, Sweden"]
[Date "2019.08.18"]
[Round "8.5"]
[White "Vypkhaniuk, Ihor"]
[Black "Ziegler, Ari"]
[Result "1-0"]
[TimeControl "15 minutes + 5 seconds per move from move one (Round 1 - 4) / 90 minutes + 30 seconds per move from move one (Round 5 - 8)"]
[WhiteTitle "FM"]
[BlackTitle "IM"]
[WhiteFideId "14112256"]
[BlackFideId "1700987"]
[WhiteElo "2405"]
[BlackElo "2300"]

1. g3 g6 2. Bg2 Bg7 3. d4 Nf6 4. e4 d6 5. Ne2 O-O 6. O-O e5 7. Nbc3 c6 8. a4 a5 9. h3 Nbd7 10.
Be3 Re8 11. Re1 Qc7 12. g4 exd4 13. Bxd4 h5 14. g5 Nh7 15. Bxg7 Kxg7 16. Qd4+ Kg8 17. f4 Qb6 18. Red1 Nc5 19.
b3 Be6 20. Qf2 Rad8 21. Rd2 Qc7 22. Rad1 b6 23. Qg3 Nb7 24. f5 gxf5 25. exf5 Bxf5 26. Nd4 Bd7 27. Rf1 Re7 28. Ne4 Be8 29.
Nf6+ Kh8 30. Qh4 1-0

[Event "SS Manhem Chess Week 2019 Goteborg Open"]
[Site "Molnlycke kulturhus, Biblioteksgatan 2, Molnlycke, Sweden"]
[Date "2019.08.18"]
[Round "8.6"]
[White "Kockum, Anton Frisk"]
[Black "Castrillon Gomez, Melissa"]
[Result "1-0"]
[TimeControl "15 minutes + 5 seconds per move from move one (Round 1 - 4) / 90 minutes + 30 seconds per move from move one (Round 5 - 8)"]
[WhiteTitle "FM"]
[BlackTitle "WIM"]
[WhiteFideId "1709143"]
[BlackFideId "4402413"]
[WhiteElo "2367"]
[BlackElo "2227"]

1. d4 Nf6 2. Nf3 d5 3. c4 e6 4.
Nc3 c5 5. cxd5 cxd4 6. Qxd4 exd5 7. Bg5 Be7 8. e3 h6 9. Bh4 Be6 10. Bb5+ Kf8 11. O-O Nc6 12. Bxc6 bxc6 13. Na4 Qa5 14.
Rfc1 Rc8 15. Nc5 Qb6 16. Nxe6+ fxe6 17. Ne5 Ke8 18.
Qd3 g5 19. Qg6+ Kd8 20. Nf7+ Kd7 21. Nxh8 Rxh8 22. Bg3 Ne4 23. Rc2 Nxg3 24. hxg3 h5 25. Rac1 Rc8 26. Qxh5 c5 27. b3 Qb8 28.
Qg4 Rh8 29. Qa4+ Kd8 30. Qc6 Bd6 31. e4 Rh6 32. exd5 Bxg3 33. dxe6 Bxf2+ 34. Rxf2 1-0

[Event "SS Manhem Chess Week 2019 Goteborg Open"]
[Site "Molnlycke kulturhus, Biblioteksgatan 2, Molnlycke, Sweden"]
[Date "2019.08.18"]
[Round "8.7"]
[White "Petersson, Baldur Teodor"]
[Black "Hector, Jonny"]
[Result "0-1"]
[TimeControl "15 minutes + 5 seconds per move from move one (Round 1 - 4) / 90 minutes + 30 seconds per move from move one (Round 5 - 8)"]
[WhiteTitle "CM"]
[BlackTitle "GM"]
[WhiteFideId "2309157"]
[BlackFideId "1700090"]
[WhiteElo "2255"]
[BlackElo "2493"]

1. e4 e5 2. Nf3 Nc6 3. Bc4 Nf6 4. d4 exd4 5. O-O Nxe4 6. Re1 d5 7. Bxd5 Qxd5 8. Nc3 Qd7 9. Nxe4 Be7 10.
Bg5 O-O 11. Bxe7 Qxe7 12. Nxd4 Bd7 13. Nb3 Rae8 14. Re3 Qd8 15. Qe2 b6 16. Rd1 Re6 17. Red3 Ne5 18. Rd5 Qe8 19. Nd4 Re7 20.
f3 Bc8 21. Qd2 f5 22. Ng5 c6 23. Rxe5 Rxe5 24. Qc3 Bd7 25. f4 Re3 26. Qc4+ Kh8 27. Ndf3 h6 28. Nh3 Be6 29. Qd4 Bd5 0-1

[Event "SS Manhem Chess Week 2019 Goteborg Open"]
[Site "Molnlycke kulturhus, Biblioteksgatan 2, Molnlycke, Sweden"]
[Date "2019.08.18"]
[Round "8.8"]
[White "Arnelind, Mikael"]
[Black "Malmstig, Erik"]
[Result "1-0"]
[TimeControl "15 minutes + 5 seconds per move from move one (Round 1 - 4) / 90 minutes + 30 seconds per move from move one (Round 5 - 8)"]
[BlackTitle "FM"]
[WhiteFideId "1704290"]
[BlackFideId "1702866"]
[WhiteElo "2187"]
[BlackElo "2335"]

1. d4 Nf6 2. c4 c5 3. d5 b5 4. cxb5 a6 5. b6 d6 6. Nc3 Qxb6 7. Nf3 g6 8. Nd2 Bg7 9. e4 O-O 10.
Be2 Nbd7 11. Nc4 Qc7 12. O-O Rb8 13. h3 Ne8 14. Qc2 Bd4 15. Kh1 Ng7 16. Bg5 Ne5 17. Nxe5 dxe5 18. Bc4 Rb4 19.
b3 Qd6 20. Rad1 Nh5 21. Ne2 Nf4 22. Bxf4 exf4 23. Nxd4 cxd4 24. Rxd4 e5 25. Rd3 f5 26. f3 fxe4 27. fxe4 Bd7 28.
Rc3 Kg7 29. Be2 h5 30. Rc1 Rf7 31. Rc7 Rd4 32. Bf3 Qf6 33. Qf2 Kh6 34. Qe1 Bb5 35. Rxf7 Qxf7 36. Qa5 Qf6 37. Qe1 Qd8 38.
Rd1 Bd3 39. Qc3 Qh4 40. Rxd3 Qf2 41. Rxd4 exd4 42. Qc1 Kg5 43. d6 d3 44. d7 Qd4 45. Qc7 1-0

[Event "SS Manhem Chess Week 2019 Goteborg Open"]
[Site "Molnlycke kulturhus, Biblioteksgatan 2, Molnlycke, Sweden"]
[Date "2019.08.18"]
[Round "8.9"]
[White "Nilsson, Joakim"]
[Black "Troberg Eskola, Love"]
[Result "1/2-1/2"]
[TimeControl "15 minutes + 5 seconds per move from move one (Round 1 - 4) / 90 minutes + 30 seconds per move from move one (Round 5 - 8)"]
[WhiteTitle "FM"]
[WhiteFideId "1723383"]
[BlackFideId "1724185"]
[WhiteElo "2319"]
[BlackElo "2134"]

1. d4 d5 2. Nf3 Nf6 3. g3 g6 4. Bg2 Bg7 5. O-O O-O 6. c4 c6 7. cxd5 cxd5 8. Ne5 e6 9. Nc3 Nfd7 10.
Nxd7 Qxd7 11. b3 Nc6 12. e3 b6 13. Ba3 Rd8 14. Qe2 a5 15. Rfc1 Ba6 16. Qd1 Rdc8 17. Na4 Qb7 18. Qd2 Na7 19.
Rxc8+ Rxc8 20. Rc1 Rxc1+ 21. Qxc1 Bf6 22. h4 h5 23. Bd6 Bd8 24. e4 Nc8 25. Be5 f6 26. Qh6 Qg7 27. Qxg7+ Kxg7 28.
Bf4 dxe4 29. Bxe4 Ne7 30. Bb8 Bb5 31. Nc3 Bc6 32. Bd3 Bf3 33. Bc4 Nc6 34. Bf4 Nxd4 35. Be3 Nf5 36. Bxe6 1/2-1/2

[Event "SS Manhem Chess Week 2019 Goteborg Open"]
[Site "Molnlycke kulturhus, Biblioteksgatan 2, Molnlycke, Sweden"]
[Date "2019.08.18"]
[Round "8.10"]
[White "Svensson, Leif"]
[Black "Andersson, Christian"]
[Result "1-0"]
[TimeControl "15 minutes + 5 seconds per move from move one (Round 1 - 4) / 90 minutes + 30 seconds per move from move one (Round 5 - 8)"]
[WhiteFideId "1702459"]
[BlackFideId "1724789"]
[WhiteElo "2027"]
[BlackElo "1794"]

1. d4 Nf6 2. Nc3 d5 3. Bg5 c5 4. Bxf6 gxf6 5. e3 cxd4 6. exd4 Nc6 7. Qh5 e6 8. Bb5 Bd7 9. Nge2 Bd6 10.
O-O-O a6 11. Bxc6 Bxc6 12. Rhe1 b5 13. Ng3 b4 14. Rxe6+ Kf8 15. Qh6+ Kg8 16. Rxf6 Be7 17. Nh5 1-0

[Event "SS Manhem Chess Week 2019 Goteborg Open"]
[Site "Molnlycke kulturhus, Biblioteksgatan 2, Molnlycke, Sweden"]
[Date "2019.08.18"]
[Round "8.11"]
[White "Olsson, William"]
[Black "Welin, Mats"]
[Result "0-1"]
[TimeControl "15 minutes + 5 seconds per move from move one (Round 1 - 4) / 90 minutes + 30 seconds per move from move one (Round 5 - 8)"]
[BlackTitle "FM"]
[WhiteFideId "1741721"]
[BlackFideId "1705180"]
[WhiteElo "2015"]
[BlackElo "2310"]

1. c4 Nf6 2. Nc3 e6 3. d4 Bb4 4. Qc2 O-O 5.
Bd2 d5 6. e3 c5 7. dxc5 Nc6 8. Nf3 Bxc5 9. a3 d4 10.
exd4 Nxd4 11. Nxd4 Qxd4 12. Be3 Qe5 13. Qe2 Bxe3 14. Qxe3 Qxe3+ 15. fxe3 Bd7 16. Be2 Rfd8 17. Bf3 Rac8 18.
b3 Bc6 19. Ke2 Kf8 20. Rhd1 Ke7 21. Rd4 g5 22. Rad1 Rg8 23. Bxc6 Rxc6 24. e4 Rc5 25. R1d2 Rgc8 26. Nd1 e5 27. R4d3 Nxe4 28. Rd7+ Ke6 29.
R2d3 R5c7 30. R7d5 f6 31. Ne3 Nc5 32. Rc3 h5 33. b4 Na4 34. Rc2 Nb6 35. Ra5 Nxc4 36. Nxc4 Rxc4 37. Rxc4 Rxc4 38.
Rxa7 Rc2+ 39. Kf1 Ra2 40. Rxb7 Rxa3 41. b5 Rb3 42. Rb6+ Kf5 43. Rb8 Kf4 44. b6 Ke3 45. g3 e4 46.
b7 Kf3 47. Ke1 e3 48. Kd1 e2+ 49. Kc2 Rb6 50. Re8 Rxb7 51. Kd2 Rd7+ 0-1

[Event "SS Manhem Chess Week 2019 Goteborg Open"]
[Site "Molnlycke kulturhus, Biblioteksgatan 2, Molnlycke, Sweden"]
[Date "2019.08.18"]
[Round "8.12"]
[White "Johnson, Daniel"]
[Black "Troedsson, Anton"]
[Result "0-1"]
[TimeControl "15 minutes + 5 seconds per move from move one (Round 1 - 4) / 90 minutes + 30 seconds per move from move one (Round 5 - 8)"]
[WhiteFideId "1721283"]
[BlackFideId "1746006"]
[WhiteElo "2201"]
[BlackElo "2045"]

1. d4 d5 2. c4 c6 3. cxd5 cxd5 4. Bf4 Nf6 5. Nc3 a6 6. e3 Nc6 7. Bd3 g6 8. h3 Bg7 9. Nf3 O-O 10.
Rc1 b5 11. O-O Bb7 12. Qe2 Qb6 13. Bh2 Rfd8 14. Rfd1 Rac8 15. g4 e6 16. a3 Na5 17. g5 Ne8 18. Be5 Nc4 19. Bxg7 Nxg7 20.
Nh2 Nf5 21. Ng4 Kg7 22. f4 Rh8 23. Kf2 h6 24. Bxf5 exf5 25. gxh6+ Kg8 26. Ne5 Rxh6 27. b3 Nd6 28. Kg2 Kg7 29.
Qf3 Qa5 30. Nb1 Rhh8 31. Nd3 Ne4 32. Qe2 Qd8 33. Rxc8 Bxc8 34. Qe1 Rh5 35. Nd2 Qh8 36. Qh1 g5 37. fxg5 Rxg5+ 38. Kh2 f4 39.
Nxf4 Bxh3 40. Nxh3 Qb8+ 41. Nf4 Rh5+ 42. Kg2 Rxh1 43. Rxh1 Nxd2 44. Nh5+ Kf8 45. Nf6 Ke7 0-1

[Event "SS Manhem Chess Week 2019 Goteborg Open"]
[Site "Molnlycke kulturhus, Biblioteksgatan 2, Molnlycke, Sweden"]
[Date "2019.08.18"]
[Round "8.13"]
[White "Pettersson, Anders"]
[Black "Ask, Josef"]
[Result "1/2-1/2"]
[TimeControl "15 minutes + 5 seconds per move from move one (Round 1 - 4) / 90 minutes + 30 seconds per move from move one (Round 5 - 8)"]
[BlackTitle "FM"]
[WhiteFideId "1715143"]
[BlackFideId "1704583"]
[WhiteElo "2104"]
[BlackElo "2136"]

1. d4 Nf6 2. c4 d6 3. b3 g6 4. Bb2 Bg7 5. e3 O-O 6.
Nf3 e5 7. dxe5 Nfd7 8. Nc3 dxe5 9. Be2 a5 10. O-O Na6 11. Qc2 Nb4 12. Qc1 Nc5 13. Rd1 Qe7 14. Nd5 1/2-1/2

[Event "SS Manhem Chess Week 2019 Goteborg Open"]
[Site "Molnlycke kulturhus, Biblioteksgatan 2, Molnlycke, Sweden"]
[Date "2019.08.18"]
[Round "8.14"]
[White "Wiklund, Johan"]
[Black "Eriksson, Kristian"]
[Result "1/2-1/2"]
[TimeControl "15 minutes + 5 seconds per move from move one (Round 1 - 4) / 90 minutes + 30 seconds per move from move one (Round 5 - 8)"]
[WhiteFideId "1713817"]
[BlackFideId "1705172"]
[WhiteElo "1956"]
[BlackElo "2113"]

1. Nf3 Nf6 2. c4 e6 3. Nc3 Bb4 4. g3 O-O 5. Bg2 Bxc3 6. bxc3 c5 7. O-O Nc6 8. d4 Qa5 9. Qc2 d6 10.
Bf4 cxd4 11. cxd4 e5 12. Bd2 Qc7 13. d5 Ne7 14. Rfc1 Bf5 15. Qb3 Ne4 16. Be3 b6 1/2-1/2

[Event "SS Manhem Chess Week 2019 Goteborg Open"]
[Site "Molnlycke kulturhus, Biblioteksgatan 2, Molnlycke, Sweden"]
[Date "2019.08.18"]
[Round "8.15"]
[White "Mitra, Akash"]
[Black "Andersson, Lars"]
[Result "1-0"]
[TimeControl "15 minutes + 5 seconds per move from move one (Round 1 - 4) / 90 minutes + 30 seconds per move from move one (Round 5 - 8)"]
[WhiteFideId "1726714"]
[BlackFideId "1706772"]
[WhiteElo "1937"]
[BlackElo "2003"]

1. e4 c6 2. d4 d5 3. exd5 cxd5 4. Bd3 Nc6 5. c3 Qc7 6. Qb3 Nf6 7. Bg5 e6 8. Nd2 Bd6 9. Ngf3 Bd7 10.
O-O Ng4 11. h3 h6 12. Be3 Nxe3 13. fxe3 Na5 14. Qc2 Nc4 15. Rae1 f5 16. Bxc4 dxc4 17. e4 O-O 18. exf5 exf5 19.
Ne5 Bxe5 20. Rxe5 Rae8 21. Rc5 Qg3 22. Nxc4 f4 23. Qf2 Qxf2+ 24. Rxf2 Re1+ 25. Kh2 Be6 26. b3 Bxc4 27. Rxc4 Rf7 28.
d5 Rd1 29. Rcxf4 Rxf4 30. Rxf4 Rxd5 31. Rf2 Rd3 32. Rc2 Kf7 33. c4 Ke6 34. Re2+ Kd6 35. Re8 Kd7 36. Rg8 g5 37. Rh8 Rd2 38.
Rh7+ Kc8 39. Rxh6 Rxa2 40. Rg6 Rb2 41. Rxg5 Rxb3 42. h4 Rc3 43. h5 Rxc4 44. g3 Rc7 45. Rg8+ 1-0

[Event "SS Manhem Chess Week 2019 Goteborg Open"]
[Site "Molnlycke kulturhus, Biblioteksgatan 2, Molnlycke, Sweden"]
[Date "2019.08.18"]
[Round "8.16"]
[White "Carlfors, Viktor"]
[Black "Sorensen, Bent"]
[Result "1/2-1/2"]
[TimeControl "15 minutes + 5 seconds per move from move one (Round 1 - 4) / 90 minutes + 30 seconds per move from move one (Round 5 - 8)"]
[BlackTitle "IM"]
[WhiteFideId "1740725"]
[BlackFideId "1400410"]
[WhiteElo "1820"]
[BlackElo "2042"]

1. d4 d5 2. Bf4 e6 3. e3 Bd6 4. Bxd6 Qxd6 5. Qg4 Kf8 6. Nd2 c5 7. Ngf3 Nc6 8. c3 Bd7 9. Qg3 Qxg3 10.
hxg3 cxd4 11. exd4 f6 12. Bd3 Nge7 13. O-O-O g6 14. Bc2 Kg7 15. Rde1 Rhc8 16. g4 h6 17. Nb3 b6 18. Rh2 Nd8 19.
g5 fxg5 20. Ne5 Be8 21. g4 Ng8 22. Kd2 a5 23. a3 Nc6 24. Nc1 Nxe5 25. Rxe5 Bf7 26. Ba4 Nf6 27. f3 Rab8 28. Bb5 Be8 29. Bxe8 Rxe8 30. Rhe2 Kf7 31. Nd3 Nd7 32. R5e3 h5 33. f4
gxf4 34. Nxf4 Nf6 35.
gxh5 gxh5 36. Re5 Ne4+ 37. Kd3 h4 38. Rh2 Kf6 39. Rxh4 Rh8 40. Reh5 Rxh5 41. Rxh5 Rg8 42. Kc2 Rg4 43. Nd3 Rg2+ 44. Kb3 Rd2 45. Ne5 a4+ 46. Kxa4 Rxb2 47. Rh3 b5+ 48. Ka5 Rb3 49. Nd7+ Kg5 50. Nc5 Nxc5 51. dxc5 d4 52. c6 Rxa3+ 53. Kxb5 dxc3 54. c7 Ra8 55. Kc6 e5 56. Kd5 Kf4 57.
Rxc3 Ra5+ 58. Kc6 Ra8 59. Rb3 Rc8 60. Rb8 Rxc7+ 61. Kxc7 e4 62. Kd6 e3 63. Kd5 e2 64. Re8 Kf3 65.
Kd4 Kf2 66. Rf8+ Kg1 67. Re8 Kf1 68. Rxe2 Kxe2 1/2-1/2

[Event "SS Manhem Chess Week 2019 Goteborg Open"]
[Site "Molnlycke kulturhus, Biblioteksgatan 2, Molnlycke, Sweden"]
[Date "2019.08.18"]
[Round "8.17"]
[White "Rydstrom, Tom"]
[Black "Carlsson, Ludvig"]
[Result "1-0"]
[TimeControl "15 minutes + 5 seconds per move from move one (Round 1 - 4) / 90 minutes + 30 seconds per move from move one (Round 5 - 8)"]
[WhiteTitle "FM"]
[BlackTitle "CM"]
[WhiteFideId "1714830"]
[BlackFideId "1727010"]
[WhiteElo "2314"]
[BlackElo "2234"]

1. e4 c5 2. Nf3 d6 3. d4 cxd4 4. Nxd4 Nf6 5. Nc3 g6 6. Be3 Bg7 7. f3 O-O 8. Bc4 Nc6 9. Qd2 Bd7 10.
g4 Ne5 11. Be2 Rc8 12. h4 Nc4 13. Bxc4 Rxc4 14. O-O-O Qb8 15. h5 Rfc8 16. Kb1 Rxc3 17. bxc3 Qc7 18. hxg6 hxg6 19. Bh6 Qxc3 20.
Bxg7 Qxd2 21. Rxd2 Kxg7 22. Kb2 Rc4 23. Ne2 Rb4+ 24. Ka1 Ra4 25. e5 Ne8 26. Nc3 Ra5 27. Rdh2 e6 28. g5 Kf8 29.
exd6 Nxd6 30. Rd1 Nb5 31. Rxd7 Nxc3 32. Kb2 Na4+ 33. Kc1 Rxg5 34. Rxb7 a6 35. Ra7 Nc5 36. Kd2 Rf5 37. Rh8+ Kg7 38.
Rc8 g5 39. Ke3 Kg6 40. c4 Kh5 41. Kd4 Na4 42. Rxa6 Rf4+ 43. Ke3 Nb2 44. c5 Nc4+ 45. Ke2 Rd4 46. c6 Rd2+ 47. Ke1 Kh4 48.
Ra4 Rc2 49. Kd1 Rc3 50. c7 Kg3 51. Rb4 Kf2 52. Rb3 Ne3+ 53. Kd2 Rc2+ 54. Kd3 Rc5 55. a4 f5 56. Kd4 Rd5+ 57. Kc3 Rc5+ 58. Kb4 Rxc7 59. Rxc7 Nd5+ 60. Kc5 Nxc7 61. Kd6 g4 62. fxg4 fxg4 63.
Kxc7 e5 64. a5 e4 65. a6 e3 66. a7 e2 67. Rb2 Kf1 68. a8=Q e1=N 69. Qh1# 1-0

[Event "SS Manhem Chess Week 2019 Goteborg Open"]
[Site "Molnlycke kulturhus, Biblioteksgatan 2, Molnlycke, Sweden"]
[Date "2019.08.18"]
[Round "8.18"]
[White "Johansson, Roy"]
[Black "Dale, Svein"]
[Result "1-0"]
[TimeControl "15 minutes + 5 seconds per move from move one (Round 1 - 4) / 90 minutes + 30 seconds per move from move one (Round 5 - 8)"]
[WhiteFideId "1745972"]
[BlackFideId "1523120"]
[WhiteElo "1976"]
[BlackElo "1772"]

1. d4 Nf6 2. Bf4 c5 3. e3 e6 4. c3 d5 5. Nd2 cxd4 6. exd4 Bd6 7. Bg3 O-O 8. Bd3 b6 9. Qe2 a5 10. Ngf3 Ba6 11. Bxa6 Nxa6 12.
Ne5 Nc7 13. Bh4 Nce8 14. O-O Qb8 15. f4 Qb7 16. Rae1 g6 17. Bg5 Ne4 18. Nxe4 dxe4 19. Bh6 Ng7 20. Qxe4 Qxe4 21. Rxe4 Rfc8 22.
g4 Ne8 23. Nd7 Bc7 24. Re3 Rd8 25.
Ne5 Bxe5 26. fxe5 b5 27. Ref3 Rd7 28.
h4 Nc7 29. h5 Rc8 30. hxg6 hxg6 31. R1f2 Nd5 32. Rh2 Rcc7 33. Bg5 f5 34. exf6 Rh7 35. Rxh7 Rxh7 36. Bd2 Kf7 37. g5 Rh5 38.
Kg2 Nb6 39. Rh3 Rxh3 40. Kxh3 a4 41. Kg4 Nc4 42. Bc1 Nb6 43. Kf3 Nc4 44. Ke4 Nd6+ 45. Kd3 Ke8 46. b3 axb3 47. axb3 Kd7 48.
c4 Kc6 49. Ba3 Nf7 50. Bc1 Nd6 51. Bf4 Nf7 52. Kc3 Nd8 53. Kb4 bxc4 54. bxc4 Nf7 55. Kc3 Nd8 56. Kd3 Nf7 57. Ke4 Kd7 58.
d5 exd5+ 59. cxd5 1-0